Map: Automaton LE

Players

SKillous

  • Race: Protoss Protoss
  • Spawn Location: 9:00

Harstem - Winner!

  • Race: Protoss Protoss
  • Spawn Location: 3:00

Event: 2019 WCS Spring

VOD

Have the link to the VOD?

Description

Time

  • Played on: May 17, 2019, 9:31 a.m.
  • Length: 8:22

All games in this series

Show
View Real Time Build Order
Export as new Build Order

SKillous Protoss 

Build Orders: Oracle Opening 

Get SALT Encoding   

  12  0:00  Probe  
  13  0:12  Probe  
  14  0:17  Pylon  
  14  0:24  Probe  
  15  0:32  Probe  
  15  0:38  Gateway  
  15  0:40  Probe  
  16  0:46  Assimilator  
  17  0:51  Probe  
  17  0:55  Assimilator  
  18  0:59  Probe  
  19  1:07  Probe  
  19  1:09  Gateway  
  19  1:17  Probe  
  21  1:27  Cybernetics Core  
  21  1:29  Probe  
  22  1:36  Pylon  
  22  1:41  Probe  
  23  1:53  Probe  
  24  1:54  Warp Gate  
  24  2:03  Stalker x2  
  28  2:15  Pylon  
  28  2:23  Stargate  
  28  2:33  Stalker  
  30  2:41  Stalker  
  31  2:45  Pylon  
  31  2:56  Oracle  
  32  3:21  Nexus  
  32  3:23  Probe  
  33  3:36  Oracle, Probe  
  37  3:46  Pylon  
  37  3:48  Probe  
  38  4:00  Probe  
  37  4:10  Twilight Council  
  37  4:12  Probe  
  38  4:22  Shield Battery  
  38  4:24  Probe  
  38  4:26  Stalker  
  38  4:30  Stalker  
  43  4:32  Resonating Glaives  
  43  4:33  Probe x2  
  44  4:41  Probe  
  40  4:45  Probe  
  40  4:51  Probe  
  40  4:58  Probe  
  42  5:03  Probe  
  43  5:10  Probe  
  44  5:15  Probe  
  45  5:22  Probe  
  45  5:25  Gateway  
  45  5:26  Gateway  
  45  5:28  Probe  
  48  5:35  Gateway  
  48  5:40  Gateway  
  48  5:43  Gateway  
  48  5:45  Probe  
  48  5:48  Probe  
  46  5:57  Probe  
  46  6:00  Probe  
  45  6:07  Pylon, Adept x2  
  45  6:09  Probe  
  50  6:12  Pylon  
  50  6:14  Probe  
  51  6:21  Adept  
  51  6:25  Gateway  
  53  6:28  Adept  
  53  6:30  Adept  
  57  6:33  Adept  
  57  6:36  Adept  
  57  6:39  Adept  
  63  6:44  Adept  
  65  6:48  Adept  
  65  6:50  Adept  
  69  6:55  Adept  
  69  7:00  Sentry x3  
  77  7:03  Pylon  
  75  7:09  Pylon  
  75  7:23  Adept x5  
  75  7:26  Pylon  
  75  7:28  Sentry  
  87  7:30  Sentry  
  89  7:43  Adept x3  
  87  7:45  Adept  
  89  7:57  Adept x3  
  91  8:03  Adept x2  
  81  8:11  Adept x2  
Show
View Real Time Build Order
Export as new Build Order

Harstem Protoss - Winner!

Build Orders: Oracle Opening, Phoenix Opening 

Get SALT Encoding   

  12  0:01  Probe  
  13  0:13  Probe  
  14  0:18  Pylon  
  14  0:25  Probe  
  15  0:33  Probe  
  15  0:38  Gateway  
  15  0:41  Probe  
  16  0:47  Assimilator  
  17  0:52  Probe  
  17  0:56  Assimilator  
  18  1:00  Probe  
  19  1:08  Probe  
  19  1:10  Gateway  
  20  1:18  Probe  
  21  1:26  Cybernetics Core  
  21  1:30  Probe  
  22  1:38  Pylon  
  22  1:42  Probe  
  23  1:56  Probe  
  24  2:02  Stalker  
  24  2:03  Sentry, Warp Gate  
  28  2:14  Pylon  
  28  2:23  Pylon  
  28  2:31  Stalker  
  28  2:32  Stalker  
  28  2:36  Phoenix  
  32  2:50  Stargate  
  32  3:14  Nexus  
  32  3:17  Stalker  
  34  3:21  Stalker  
  34  3:25  Oracle  
  36  3:32  Pylon  
  39  3:50  Probe  
  40  4:00  Stalker x2  
  40  4:09  Probe  
  43  4:22  Probe  
  44  4:24  Pylon  
  44  4:28  Robotics Facility  
  44  4:29  Probe  
  43  4:34  Probe  
  44  4:39  Probe  
  44  4:43  Probe  
  45  4:48  Probe  
  45  4:51  Probe  
  45  4:52  Sentry, Pylon  
  46  4:54  Stalker  
  46  4:56  Probe  
  49  5:00  Probe  
  51  5:07  Probe  
  51  5:11  Immortal  
  51  5:12  Probe  
  53  5:16  Pylon  
  53  5:20  Probe  
  56  5:24  Probe  
  57  5:28  Assimilator  
  57  5:32  Probe  
  57  5:34  Twilight Council  
  58  5:36  Probe  
  59  5:44  Probe  
  59  5:47  Probe  
  61  5:55  Probe  
  61  5:56  Probe  
  57  5:58  Immortal  
  57  6:03  Blink  
  57  6:04  Gateway  
  61  6:05  Probe  
  61  6:10  Shield Battery  
  62  6:17  Probe  
  63  6:22  Gateway  
  63  6:26  Sentry  
  63  6:30  Probe  
  63  6:31  Shield Battery  
  63  6:32  Observer  
  66  6:34  Gateway  
  66  6:35  Probe  
  68  6:48  Pylon  
  68  6:51  Shield Battery  
  68  6:57  Shield Battery  
  68  6:58  Stalker x2  
  72  7:05  Probe  
  72  7:06  Shield Battery  
  72  7:08  Probe  
  74  7:13  Gateway  
  74  7:15  Shield Battery  
  74  7:16  Sentry  
  74  7:17  Sentry  
  74  7:18  Shield Battery  
  74  7:20  Pylon  
  78  7:27  Stalker  
  80  7:31  Stalker  
  80  7:36  Shield Battery  
  82  7:40  Sentry  
  82  7:41  Sentry  
  84  7:46  Pylon, Probe  
  84  7:47  Probe  
  86  7:53  Assimilator  
  86  7:57  Stalker x2  
  82  7:58  Probe  
  82  8:01  Stalker  
  77  8:06  Stalker  
  74  8:20  Stalker x2  
Tags
 
Add a new tag
Caveats
  • Supply blocks, unpowered buildings, or Contaminate may cause inaccurate times.
  • Supply counts are checked every 10 seconds.